 Dungeon Crawl Stone Soup version 0.31-a0-1610-g9787180647 (webtiles) character file.

Game seed: 541053784867878099

1310 MackTheKnife the Fighter (level 8, -6/83 HPs)
             Began as a Hill Orc Artificer on Jan 8, 2024.
             Was an Initiate of Fedhas.
             Killed from afar by an acid dragon (22 damage)
             ... with a splash of acid
             ... on level 5 of the Dungeon.
             The game lasted 00:08:05 (4803 turns).

MackTheKnife the Fighter (Hill Orc Artificer)       Turns: 4803, Time: 00:08:06

Health: -6/83      AC:  0    Str: 19    XL:     8   Next: 58%
Magic:  17/17      EV: 11    Int: 11    God:    Fedhas [......]
Gold:   251        SH:  0    Dex: 14    Spells: 7/7 levels left

rFire   . . .        D - +9 short sword "Jigoits" {freeze, ^Fragile MP+9 Str+2 Dex+3, short}
rCold   . . .        (no shield)
rNeg    . . .        b - +0 leather armour
rPois   +            (no helmet)
rElec   .            A - scarf {repulsion}
rCorr   .            (no gloves)
SInv    .            (no boots)
Will    .....        j - amulet of faith {!P}
Stlth   +            C - ring of poison resistance
HPRegen 0.33/turn    (no ring)
MPRegen 0.15/turn

%: repel missiles, faith
@: corroded
A: no striking features
a: Renounce Religion


You were on level 5 of the Dungeon.
You worshipped Fedhas.
Fedhas was noncommittal.
You visited 2 branches of the dungeon, and saw 7 of its levels.

You collected 251 gold pieces.


   Skills:
 + Level 11.9 Fighting
 - Level 1.4 Maces & Flails
 - Level 2.1 Armour
 - Level 0.7 Dodging
 - Level 0.7 Stealth
 - Level 3.0 Evocations


You had 7 spell levels left.
You didn't know any spells.
Your spell library contained the following spells:

 Spells                   Type           Power      Damage    Failure   Level
 Summon Small Mammal      Summ           0%         N/A       38%         1
 Call Canine Familiar     Summ           0%         N/A       77%         3
 Summon Blazeheart Golem  Fire/Summ      0%         N/A       99%         4

Inventory:

Hand Weapons
 g - a +0 rapier {short}
   (You found it on level 1 of the Dungeon)
 l - a +0 morningstar {mace}
   (You took it off an orc on level 3 of the Dungeon)
 D - the +9 short sword "Jigoits" (weapon) {freeze, ^Fragile MP+9 Str+2 Dex+3, short}
   (You found it on level 4 of the Dungeon)

   Str+2:     It affects your strength (+2).
   Dex+3:     It affects your dexterity (+3).
   MP+9:      It affects your magic capacity (+9).
   ^Fragile:  It will be destroyed if unequipped.
Missiles
 o - 4 darts of dispersal {=f!fthrowing}
Armour
 b - a +0 leather armour (worn)
 A - a scarf of repulsion (worn)
   (You found it on level 4 of the Dungeon)
Jewellery
 j - an amulet of faith (around neck) {!P}
   (You found it on level 1 of the Dungeon)
 x - a ring of ice
   (You took it off an orc on level 3 of the Dungeon)
 z - a ring of wizardry
   (You found it on level 3 of the Dungeon)
 B - an amulet of the acrobat
   (You found it on level 4 of the Dungeon)
 C - a ring of poison resistance (left hand)
   (You found it on level 4 of the Dungeon)
Wands
 c - a wand of flame (4) (quivered)
 d - a wand of charming (11)
 G - a wand of paralysis (5)
   (You took it off Pikel on level 5 of the Dungeon)
Scrolls
 f - 2 scrolls of teleportation {@r4}
 m - a scroll of amnesia
 p - 4 scrolls of fog
 t - a scroll of immolation {!r!r}
 u - a scroll of acquirement {unknown}
 y - a scroll of revelation {unknown}
 E - a scroll of enchant weapon {unknown}
 F - a scroll of identify {@r1}
Potions
 a - a potion of haste {@q3}
 h - a potion of curing {@q1}
 i - 3 potions of resistance {unknown}
 k - a potion of ambrosia {unknown}
 n - a potion of magic {unknown}
 q - a potion of heal wounds {unknown}
 r - 2 potions of mutation {unknown}
 s - 2 potions of brilliance {unknown}
 v - a potion of degeneration {unknown}
 w - 3 potions of attraction {unknown}
 H - a potion of lignification {unknown}
 I - a potion of invisibility {unknown}

Dungeon Overview and Level Annotations

Branches:
Dungeon (6/15) Zot: 26697  Temple (1/1) D:4 Zot: 5998

Altars:
Cheibriados
Elyvilon
Fedhas
Hepliaklqana
Kikubaaqudgha
Makhleb
Nemelex Xobeh
Qazlal
Ru
Sif Muna
Trog
Vehumet
Wu Jian
Yredelemnul
The Shining One

#########.....##...##...#......#.
.#............#....#....#......#.
.#............'....#....#......#.
.#............#....#....#......+.
.#.....##.....##...##...#......#.
.#.....##.....#######...#......#.
.##....##...............#......#.
###....##.......yD......#......##
.......#.......†@.......#........
.......#..^...#######...#........
.......#......##...##...#####'#..
.......#...........#....')....#..
.##.##.#########...#....#.....#..
.##.##.####...##...#....#.....#..
.........#.........'....#.....#..
.........#.........#....#.....#..
.........#.........#....#.....#..


You could see an acid dragon (catching breath, ally target) and a friendly
killer bee (charmed).


Message History

You kill the ufetubus!
Fedhas accepts your kill. The hound closely misses you.
The hound bites you but does no damage.
You puncture the hound! You freeze the hound. The hound misses you.
You hit the hound. You freeze the hound.
You kill the hound!
Fedhas appreciates your contribution to the ecosystem. 😕 HP[+1] No target in view!
No target in view!
No target in view!
No target in view!
No target in view!
No target in view!
You start resting. 😎 HP[+14]
Your hp is fully restored (83).
You climb downwards.
The hound bites you. x2
There is a stone staircase leading up here. 😕 HP[-3]
You take 3 damage, and now have 80/83 hp.
Unknown command.
The acid dragon roars!
You hear a shout!
You hear an angry buzzing noise.
The hound barely misses you.
You climb upwards.
There is a stone staircase leading down here.
Unknown command.
You closely miss the hound. The hound bites you. x2 😕 HP[-1]
You take 1 damage, and now have 79/83 hp.
You barely miss the hound. The hound bites you but does no damage.
You hit the hound. You freeze the hound. The hound bites you.
The hound closely misses you. 😕 HP[-3]
You take 3 damage, and now have 76/83 hp.
You puncture the hound! You freeze the hound. The hound bites you.
You puncture the hound! You freeze the hound.
You kill the hound!
Fedhas appreciates your contribution to the ecosystem.
No target in view!
No target in view!
You start resting. 😎 HP[+7]
Your hp is fully restored (83).
You climb downwards.
The killer bee buzzes angrily.
An orc warrior comes into view. It is wielding a +0 glaive.
The acid dragon spits acid at you. The splash of acid hits you!
The acid corrodes you!
You hear a shout!
There is a stone staircase leading up here.
Unknown command. 😕 HP[-16]
You take 16 damage, and now have 67/83 hp.
Unknown command.
The killer bee stings you. x2; The acid dragon closely misses you. x2
You climb upwards.
There is a stone staircase leading down, spattered with blood here.
Unknown command. 😮 HP[-8]
You take 8 damage, and now have 59/83 hp.
Unknown command.
Aiming: Charm
Press: ? - help, Shift-Dir - straight line, f - killer bee
Aim: a killer bee (chance to affect: 65%)
The killer bee is charmed.
The acid dragon bites you.
The acid dragon barely misses you. 😮 HP[-4]
You take 4 damage, and now have 55/83 hp.
You hit the acid dragon. You freeze the acid dragon.
The acid dragon spits acid at you. The splash of acid hits you!!
* * * LOW HITPOINT WARNING * * *
Your killer bee stings the acid dragon! 😨 HP[-24]
You take 24 damage, and now have 31/83 hp.
MASSIVE DAMAGE!! (PAUSE)
You hit the acid dragon but do no damage.
Your killer bee closely misses the acid dragon.
The acid dragon bites you!
* * * LOW HITPOINT WARNING * * *
The acid dragon closely misses you.
Your killer bee stings the acid dragon but does no damage. 😱 HP[-15]
You take 15 damage, and now have 16/83 hp.
Unknown command.
You feel better.
Your killer bee barely misses the acid dragon.
The acid dragon misses you. The acid dragon claws you.
* * * LOW HITPOINT WARNING * * *
Your killer bee stings the acid dragon.
Aiming: Iceblast
Press: ? - help, Shift-Dir - straight line, p - killer bee The mass of ice explodes!
The iceblast engulfs the acid dragon!
The now-empty wand crumbles to dust.
Your killer bee barely misses the acid dragon.
The acid dragon spits acid at you. The splash of acid hits you!!
You die...
Fedhas appreciates your contribution to the ecosystem.

Skill      XL: |  1  2  3  4  5  6  7  8 |
---------------+-------------------------+-----
Fighting       | 2 3 6 8 10 11 | 11.9
Maces & Flails | 1 |  1.4
Armour         | |  2.1
Dodging        | |  0.7
Stealth        | |  0.7
Evocations     | |  3.0

Action                     |  1- 3 |  4- 6 |  7- 9 || total
---------------------------+-------+-------+-------++-------
  Melee: Rapier            |   122 |    52 |       ||   174
         Club              |     3 |       |       ||     3
         Punch             |     2 |     1 |     1 ||     4
         Morningstar       |       |    94 |       ||    94
         Short sword       |       |    26 |    79 ||   105
  Evoke: Wand              |     7 |     4 |    10 ||    21
    Use: Potion            |     1 |       |     1 ||     2
         Scroll            |       |     5 |       ||     5
   Stab: Sleeping          |       |     2 |       ||     2
         Paralysed         |       |       |     2 ||     2
 Armour: Leather armour    |   100 |   122 |    71 ||   293
  Dodge: Dodged            |   102 |   121 |    70 ||   293

Levels and vault maps discovered:
D:1:      lightli_arrival_quake, layout_basic, ebering_ecumenical_altar_ruins,
          minmay_hexomino_f4
D:2:      layout_basic, amcnicky_mini_corridor_feature, uniq_sigmund
D:3:      layout_rooms, nicolae_elyvilon_peaceful_grove, skrybe_limestone_x,
          fountainhead, minmay_misc_feat_secret_circle
D:4:      layout_cave_pools, lemuel_round_altar, temple_pool_b
D:5:      layout_gridville, lemuel_round_altar,
          mainiacjoe_overflow_catwalk_spiral, uniq_pikel
D:6:      cheibrodos_fzero, layout_gridville, ashenzari_conservatory_becter
Temple:   hellmonk_temple_micro_hex

Notes
Turn   | Place    | Note
-------+----------+-------------------------------------------
     0 | D:1      | MackTheKnife the Hill Orc Artificer began the quest for the
                  | Orb.
     0 | D:1      | Reached XP level 1. HP: 16/16 MP: 1/1
     0 | D:1      | magus.rc [v1.9.6]
    99 | D:1      | You pick up a book of Callings and begin reading...
    99 | D:1      | You add the spells Summon Small Mammal, Call Canine
                  | Familiar and Summon Blazeheart Golem to your library.
   147 | D:1      | Reached skill level 2 in Fighting
   172 | D:1      | Found a faded altar of an unknown god.
   235 | D:1      | Reached XP level 2. HP: 24/25 MP: 2/2
   306 | D:1      | Reached skill level 3 in Fighting
   570 | D:1      | Reached XP level 3. HP: 31/31 MP: 3/3
  1150 | D:2      | Reached skill level 4 in Fighting
  1177 | D:2      | Noticed Sigmund
  1196 | D:2      | Killed Sigmund
  1197 | D:2      | Reached skill level 6 in Fighting
  1197 | D:2      | Reached XP level 4. HP: 26/45 MP: 4/4
  1197 | D:2      | Reached XP level 5. HP: 30/51 MP: 5/5
  1939 | D:3      | Reached XP level 6. HP: 58/58 MP: 6/6
  2055 | D:3      | Found a white marble altar of Elyvilon.
  2084 | D:3      | Reached skill level 7 in Fighting
  2693 | D:4      | Found a staircase to the Ecumenical Temple.
  2722 | Temple   | Entered the Ecumenical Temple
  2976 | D:4      | Reached skill level 1 in Maces & Flails
  3131 | D:4      | Identified the +9 short sword "Jigoits" {freeze, ^Fragile
                  | MP+9 Str+2 Dex+3}
  3320 | D:4      | Found a radiant altar of Vehumet.
  3353 | D:5      | Entered Level 5 of the Dungeon
  3458 | D:5      | Found an ancient bone altar of Kikubaaqudgha.
  3502 | D:5      | Reached skill level 8 in Fighting
  3662 | D:5      | Reached XP level 7. HP: 69/69 MP: 7/7
  3980 | D:5      | Found a snail-covered altar of Cheibriados.
  4072 | D:5      | Found a blossoming altar of Fedhas.
  4153 | D:5      | Became a worshipper of Fedhas Madash
  4372 | D:5      | Noticed Pikel
  4379 | D:5      | Killed Pikel
  4380 | D:5      | Reached skill level 10 in Fighting
  4380 | D:5      | Reached XP level 8. HP: 72/81 MP: 8/8
  4514 | D:6      | Reached skill level 11 in Fighting
  4801 | D:5      | HP: 16/83 [acid dragon (15)]
  4803 | D:5      | Killed from afar by an acid dragon

Vanquished Creatures
  Pikel (D:5)
  Sigmund (D:2)
  An ogre (D:6)
  2 lemures (D:5)
  A phantom (D:6)
  A scorpion (D:5)
  2 jellies
  4 hounds
  2 orc priests
  An iguana (D:5)
  7 adders
  A shadow imp (D:5)
  A white imp (D:5)
  3 ufetubi (D:5)
  A ribbon worm (D:2)
  A dart slug (D:1)
  15 orcs
  8 ball pythons
  6 bats
  7 endoplasms
  A giant cockroach (D:1)
  8 goblins
  3 hobgoblins
  A quokka (D:2)
  6 frilled lizards
  7 kobolds
  5 rats
97 creatures vanquished.

Vanquished Creatures (collateral kills)
  A gnoll (D:3)
1 creature vanquished.

Vanquished Creatures (others)
  2 gnolls (D:3)
2 creatures vanquished.

Grand Total: 100 creatures vanquished

Table legend:
 A = Non-vault XP
 B = Vault XP
 C = Vault XP percentage of total XP
 D = Non-vault monster count
 E = Vault monster count
 F = Vault count percentage of total count
                 A         B        C        D         E       F
            +---------+---------+-------+---------+---------+-------
      Total |     881 |     991 |  52.9 |      88 |      10 |  10.2
            +---------+---------+-------+---------+---------+-------
        D:1 |      34 |       8 |  19.0 |      22 |       4 |  15.4
        D:2 |      28 |     231 |  89.2 |      14 |       1 |   6.7
        D:3 |      87 |       0 |   0.0 |      19 |       0 |   0.0
        D:4 |     161 |       0 |   0.0 |      13 |       0 |   0.0
        D:5 |     256 |     739 |  74.3 |      16 |       4 |  20.0
        D:6 |     315 |      13 |   4.0 |       4 |       1 |  20.0
            +---------+---------+-------+---------+---------+-------

Skill      XL: |  1  2  3  4  5  6  7  8 |
---------------+-------------------------+-----
Fighting       | 2 3 6 8 10 11 | 11.9
Maces & Flails | 1 |  1.4
Armour         | |  2.1
Dodging        | |  0.7
Stealth        | |  0.7
Evocations     | |  3.0

Action                     |  1- 3 |  4- 6 |  7- 9 || total
---------------------------+-------+-------+-------++-------
  Melee: Rapier            |   122 |    52 |       ||   174
         Club              |     3 |       |       ||     3
         Punch             |     2 |     1 |     1 ||     4
         Morningstar       |       |    94 |       ||    94
         Short sword       |       |    26 |    79 ||   105
  Evoke: Wand              |     7 |     4 |    10 ||    21
    Use: Potion            |     1 |       |     1 ||     2
         Scroll            |       |     5 |       ||     5
   Stab: Sleeping          |       |     2 |       ||     2
         Paralysed         |       |       |     2 ||     2
 Armour: Leather armour    |   100 |   122 |    71 ||   293
  Dodge: Dodged            |   102 |   121 |    70 ||   293

Illustrated notes

Table legend:
 A = Kills in this place as a percentage of kills in the entire game.
 B = Kills by you in this place as a percentage of kills by you in the entire game.
 C = Kills by friends in this place as a percentage of kills by friends in the entire game.
 D = Other kills in this place as a percentage of other kills in the entire game.
 E = Experience gained in this place as a percentage of experience gained in the entire game.
 F = Experience gained in this place divided by the number of levels of this place that you have seen.
                   A       B       C       D       E      F
               +-------+-------+-------+-------+-------+----------------------
         Total | 100.0 | 100.0 | 100.0 | 100.0 | 100.0 | 267.4
       Dungeon | 100.0 | 100.0 | 100.0 | 100.0 | 100.0 | 312.0
               +-------+-------+-------+-------+-------+----------------------

Table legend: (Time is in decaauts)
 A = Elapsed time spent in this place.
 B = Non-inter-level travel time spent in this place.
 C = Inter-level travel time spent in this place.
 D = Time resting spent in this place.
 E = Time spent auto-exploring this place.
 F = Levels seen in this place.
 G = Mean time per level.
                   A        B        C        D        E       F      G
               +--------+--------+--------+--------+--------+-----+--------+
         Total |   4887 |   4707 |    180 |   1028 |   2610 |   7 |  698.1 |
       Dungeon |   4885 |   4705 |    180 |   1028 |   2610 |   6 |  814.2 |
        Temple |      1 |      1 |      0 |      0 |      0 |   1 |    1.0 |
               +--------+--------+--------+--------+--------+-----+--------+

Top non-repeatable levels by time:
     D:5: 1185 daAuts
     D:1: 979 daAuts
     D:3: 888 daAuts
     D:2: 833 daAuts
     D:4: 781 daAuts
     D:6: 217 daAuts
  Temple: 1 daAuts
